 Dungeon Crawl Stone Soup version 0.29-a0-649-g45c230d69a (webtiles) character file.

Game seed: 5969255904346111379

1638 Conn the Sneak (level 8, -13/78 HPs)
             Began as an Octopode Fire Elementalist on June 21, 2022.
             Was an Initiate of Sif Muna.
             Killed by an exploding orc wizard (29 damage)
             ... ignited by their inner flame
             ... on level 6 of the Dungeon.
             The game lasted 00:19:48 (5624 turns).

Conn the Sneak (Octopode Fire Elementalist)         Turns: 5624, Time: 00:19:48

Health: -13/78     AC: 24    Str:  9 (11) XL:     8   Next: 98%
Magic:  2/5        EV:  2    Int: 15 (17) God:    Sif Muna [......]
Gold:   252        SH:  3    Dex:  8 (10) Spells: 2/15 levels left

rFire   . . .      SeeInvis +   o - +8 flail of Wondrous Power {vamp, rElec rN+ Str-5}
rCold   . . .      Faith    .   j - +1 buckler of Banothre {*Corrode Will+++ MP-9 SInv}
rNeg    + . .      Spirit   .   (helmet currently unavailable)
rPois   +          Reflect  .   (no amulet)
rElec   +          Harm     .   m - ring of resist corrosion
rCorr   +          Rampage  .   c - ring of willpower
Will    ++++.      NoTele   +   s - +4 ring of evasion
Stlth   +++.......              (no ring)
HPRegen 0.23/turn               (no ring)
MPRegen 0.09/turn               (no ring)
                                (no ring)
                                (no ring)

@: tree-form
A: stationary, stasis, torment immunity, boosted hp, almost no armour,
(amphibious), 8 rings, (camouflage 1), (gelatinous body 1), (nimble swimmer 1),
(tentacles), strong 2
a: Renounce Religion


You were on level 6 of the Dungeon.
You worshipped Sif Muna.
Sif Muna was noncommittal.
You were a tree.
You visited 2 branches of the dungeon, and saw 7 of its levels.

You collected 252 gold pieces.

Inventory:

Hand Weapons
 b - a +0 dagger
 o - the +8 flail of Wondrous Power (weapon) {vamp, rElec rN+ Str-5}
   (You found it on level 3 of the Dungeon)

   It occasionally heals its wielder for a portion of the damage dealt when it
   wounds a living foe.
   Str:       It affects your strength (-5).
   rElec:     It insulates you from electricity.
   rN:        It protects you from negative energy.
 t - a +2 short sword of venom
Armour
 j - the +1 buckler of Banothre (worn) {*Corrode Will+++ MP-9 SInv}
   (You found it on level 3 of the Dungeon)

   MP:        It affects your magic capacity (-9).
   SInv:      It lets you see invisible.
   *Corrode:  It may corrode you when you take damage.
   Will:      It greatly increases your willpower.
Jewellery
 c - a ring of willpower (right branch)
 m - a ring of resist corrosion (left branch)
 s - a +4 ring of evasion (on tentacle)
Wands
 p - a wand of flame (19)
 v - a wand of polymorph (11)
Scrolls
 d - a scroll of blinking {unknown}
 e - 5 scrolls of teleportation {unknown}
 h - 2 scrolls of immolation
 i - 9 scrolls of identify {unknown}
 n - a scroll of noise {unknown}
 q - a scroll of fear {unknown}
 r - 2 scrolls of fog {unknown}
 u - a scroll of enchant weapon {unknown}
Potions
 a - a potion of magic
 f - a potion of mutation


   Skills:
 * Level 3.0 Fighting
 + Level 0.1 Short Blades
 * Level 6.2 Maces & Flails
 + Level 2.5 Dodging
 + Level 6.4 Stealth
 + Level 4.1 Spellcasting
 * Level 3.5 Conjurations
 + Level 0.6 Hexes
 + Level 5.2 Fire Magic
 + Level 0.1 Evocations


You had 2 spell levels left.
You knew the following spells:

 Your Spells              Type           Power      Damage    Failure   Level
a - Foxfire               Conj/Fire      64%        2x1d7     4%          1
b - Conjure Flame         Conj/Fire      16%        6-21      12%         3
c - Inner Flame           Hex/Fire       11%        N/A       22%         3
e - Scorch                Fire           36%        2d7       4%          2
f - Iskenderun's Mystic   Conj/Tloc      8%         2d4       75%         4

Your spell library contained the following spells:

 Spells                   Type           Power      Damage    Failure   Level
 Apportation              Tloc           6%         N/A       24%         1
 Necrotize                Necr           12%        1d4       24%         1
 Summon Small Mammal      Summ           12%        N/A       24%         1
 Ensorcelled Hibernation  Hex/Ice        8%         N/A       32%         2
 Dazzling Flash           Conj/Hex       18%        N/A       30%         3
 Ignite Poison            Fire/Tmut/Pois 8%         N/A       34%         3
 Flame Wave               Conj/Fire      16%        2d6       38%         4
 Sticky Flame             Conj/Fire      16%        2d4       38%         4
 Spider Form              Tmut/Pois      3%         N/A       58%         3
 Anguish                  Hex/Necr       2%         N/A       91%         4
 Irradiate                Conj/Tmut      4%         3d14      97%         5
 Starburst                Conj/Fire      8%         6d4       99%         6
 Blade Hands              Tmut           1%         N/A       100%        5
 Dragon Form              Tmut           1%         N/A       100%        7


Dungeon Overview and Level Annotations

Branches:
Dungeon (6/15)             Temple (1/1) D:5

Altars:
Ashenzari
Cheibriados
Dithmenos
Fedhas
Gozag
Hepliaklqana
Kikubaaqudgha
Makhleb
Nemelex Xobeh
Okawaru
Qazlal
Ru
Sif Muna
Trog
Uskayaw
Vehumet
Wu Jian
Xom
Yredelemnul
Zin
The Shining One


Innate Abilities, Weirdness & Mutations

You are a tree.
Your roots penetrate the ground, keeping you stationary.
You cannot be teleported.
You are immune to unholy pain and torment.
Your maximum health is greatly increased.
You cannot wear most types of armour.
((You are amphibious.))
You can wear up to eight rings at the same time.
((Your skin changes colour to match your surroundings (Stealth+).))
((Your rubbery body absorbs attacks. (AC +1, EV +1)))
((You are camouflaged when in or above water. (Stealth+)))
((You have tentacles for arms and can constrict up to eight enemies at once.))
Your muscles are very strong. (Str +8, Int/Dex-2)


Message History

The steam dragon bites you but does no damage.
The steam dragon claws you but does no damage.
Okay, then.
It was a potion of heal wounds.
You feel much better.
You are engulfed in a cloud of scalding steam.
The steam dragon bites you.
The steam dragon claws you but does no damage.
Aiming: Throw Flame
Press: ? - help, Shift-Dir - straight line, f - orc wizard
Aim: an orc wizard, wielding a +0 dagger and wearing a +0 robe (inner flame, 60% to hit)
The puff of flame misses the orc wizard.
The puff of flame misses the orc priest.
You are engulfed in a cloud of scalding steam.
A scorpion comes into view.
You block the steam dragon's attack. The steam dragon claws you.
Your magical contamination has completely faded away.
Aiming: Throw Flame
Press: ? - help, Shift-Dir - straight line, f/p - orc wizard
Aim: an orc wizard, wielding a +0 dagger and wearing a +0 robe (inner flame, 60% to hit)
The puff of flame hits the orc wizard.
Flame seeps out of the orc wizard.
The orc wizard is moderately wounded.
You are engulfed in a cloud of scalding steam.
The orc wizard is engulfed in blazing flames.
Flame seeps out of the orc wizard.
The orc priest calls down the wrath of Beogh upon you.
Beogh smites you! The steam dragon bites you.
You block the steam dragon's attack.
Okay, then.
Okay, then.
Okay, then.
It was a potion of degeneration.
There was something very wrong with that liquid.
You feel weakened.
You feel dopey.
You feel clumsy.
You are engulfed in a cloud of scalding steam.
* * * LOW HITPOINT WARNING * * *
The orc wizard is engulfed in blazing flames.
Sif Muna accepts your kill.
The orc wizard explodes!
The fiery explosion engulfs you!!
You die...

### ..# ###.# ..#.#
#####.#.# #
#.##...#.#.#.#
#.....<#.#.#.#.##.
#####.....♣Do.....
..........#§#.#.s..
######.####○# # .
......Do....#
###.##.....#o#
.......[.#
..#......#
...#.###..# # #.
..#


You could see 2 steam dragons, a scorpion, an orc priest (inner flame) and an
orc.

Vanquished Creatures
  Pikel (D:5)
  Grinder (D:3)
  Eustachio (D:5)
  Duvessa (D:5)
  2 black bears (D:5)
  A phantom (D:5)
  A lemure (D:5)
  A necrophage (D:5)
  A scorpion (D:5)
  Dowan (D:5)
  A jelly (D:4)
  Crazy Yiuf (D:5)
  Jessica (D:3)
  Ijyb (D:3)
  2 orc wizards
  Natasha (thrice) (D:2)
  4 adders
  4 worms
  5 orcs (D:4)
  9 ball pythons
  9 bats
  2 endoplasms
  4 giant cockroaches
  6 hobgoblins
  7 quokkas
  2 goblins
  6 kobolds
  7 rats
85 creatures vanquished.

Vanquished Creatures (others)
  149 foxfires
149 creatures vanquished.

Grand Total: 234 creatures vanquished

Notes
Turn   | Place    | Note
-------+----------+-------------------------------------------
     0 | D:1      | Conn the Octopode Fire Elementalist began the quest for the
                  | Orb.
     0 | D:1      | Reached XP level 1. HP: 11/11 MP: 3/3
   218 | D:1      | Reached XP level 2. HP: 17/17 MP: 1/5
  1144 | D:1      | Reached XP level 3. HP: 12/21 MP: 3/6
  1611 | D:2      | You fall into a shaft and drop 1 floor!
  1779 | D:3      | Identified the +1 buckler of Banothre {*Corrode Will+++
                  | MP-9 SInv}
  1814 | D:3      | Noticed Jessica
  1821 | D:3      | Killed Jessica
  1822 | D:3      | Reached XP level 4. HP: 27/27 MP: 7/7
  1919 | D:3      | Identified the +8 flail of Wondrous Power {vamp, rElec rN+
                  | Str-5}
  2032 | D:3      | Noticed Ijyb
  2041 | D:3      | Learned a level 2 spell: Scorch
  2045 | D:3      | Learned a level 3 spell: Conjure Flame
  2062 | D:3      | Killed Ijyb
  2368 | D:3      | Noticed Grinder
  2378 | D:3      | Gained mutation: You have supernaturally acute eyesight.
                  | (SInv) [potion of mutation]
  2378 | D:3      | Lost mutation: You have supernaturally acute eyesight.
                  | (SInv) [potion of mutation]
  2378 | D:3      | Gained mutation: You tend to lose your temper in combat.
                  | [potion of mutation]
  2382 | D:3      | Killed Grinder
  2383 | D:3      | Reached skill level 1 in Fighting
  2383 | D:3      | Reached skill level 1 in Maces & Flails
  2383 | D:3      | Reached XP level 5. HP: 21/33 MP: 0/9
  2383 | D:3      | Reached XP level 6. HP: 25/38 MP: 0/10
  2723 | D:2      | Found a faded altar of an unknown god.
  2867 | D:2      | Noticed Natasha
  2874 | D:2      | Learned a level 3 spell: Inner Flame
  2883 | D:2      | Killed Natasha
  3026 | D:2      | Found a hide-covered altar of Uskayaw.
  3185 | D:2      | Noticed Natasha
  3193 | D:2      | Killed Natasha
  3359 | D:2      | Noticed Natasha
  3365 | D:2      | Killed Natasha
  3651 | D:4      | Lost mutation: You tend to lose your temper in combat.
                  | [potion of mutation]
  3651 | D:4      | Gained mutation: Your muscles are strong. (Str +4,
                  | Int/Dex-1) [potion of mutation]
  3651 | D:4      | Gained mutation: Your muscles are very strong. (Str +8,
                  | Int/Dex-2) [potion of mutation]
  3881 | D:4      | Reached skill level 5 in Stealth
  3881 | D:4      | Reached XP level 7. HP: 37/43 MP: 3/12
  3949 | D:4      | Found a bloodstained altar of Trog.
  3949 | D:4      | Found a sparkling altar of Nemelex Xobeh.
  3951 | D:4      | Found a sacrificial altar of Ru.
  3962 | D:4      | Found an iron altar of Okawaru.
  4481 | D:4      | Learned a level 4 spell: Iskenderun's Mystic Blast
  4506 | D:5      | Entered Level 5 of the Dungeon
  4508 | D:5      | Noticed Pikel
  4527 | D:5      | Killed Pikel
  4528 | D:5      | Reached skill level 5 in Fire Magic
  4528 | D:5      | Reached XP level 8. HP: 46/50 MP: 6/13
  4617 | D:5      | Noticed Eustachio
  4633 | D:5      | Killed Eustachio
  4670 | D:5      | Found a staircase to the Ecumenical Temple.
  4678 | Temple   | Entered the Ecumenical Temple
  5012 | D:5      | Reached skill level 5 in Maces & Flails
  5242 | D:5      | Found a runed translucent door.
  5243 | D:5      | Noticed Crazy Yiuf
  5248 | D:5      | Killed Crazy Yiuf
  5342 | D:5      | Noticed Duvessa
  5343 | D:5      | Noticed Dowan
  5404 | D:5      | Killed Duvessa
  5408 | D:5      | Killed Dowan
  5410 | D:5      | Found an ancient bone altar of Kikubaaqudgha.
  5417 | D:5      | Found a burning altar of Makhleb.
  5419 | D:5      | Found a shimmering blue altar of Sif Muna.
  5423 | D:5      | Became a worshipper of Sif Muna the Loreminder
  5426 | D:5      | Found a basalt altar of Yredelemnul.
  5619 | D:6      | HP: 1/52 [steam dragon/ball of steam (14)]
  5624 | D:6      | Killed by an exploding orc wizard... ignited by their inner
                  | flame

Illustrated notes

Levels and vault maps discovered:
D:1:      nzn_arrival_crosshair, layout_loops_corners, lemuel_flame_loot_1
D:2:      layout_rooms, basic_altar, shapermc_ecumenical_altar_starsandcircs,
          uniq_natasha
D:3:      wander_river, layout_loops_ring, grunt_ministairs_7,
          minmay_misc_feat_nine_boxes, uniq_jessica, uniq_ijyb, uniq_grinder
D:4:      layout_basic, nicolae_overflow_quartered_altars,
          minmay_misc_feat_four_crosses
D:5:      layout_basic, minitemple, minmay_temple_entry_enclosed_plants,
          uniq_crazy_yiuf_cottage, uniq_eustachio, uniq_pikel, uniq_duvessa
D:6:      layout_basic, uniq_blork_the_orc, uniq_maggie
Temple:   oiseaux_autumnal_temple

Skill      XL: |  1  2  3  4  5  6  7  8 |
---------------+-------------------------+-----
Stealth        | 3 4 5 6 |  6.4
Fighting       | 1 2 3 |  3.0
Maces & Flails | 1 2 4 6 |  6.2
Spellcasting   | 3 4 |  4.1
Conjurations   | 2 3 |  3.5
Fire Magic     | 4 5 |  5.2
Short Blades   | |  0.1
Dodging        | |  2.5
Hexes          | |  0.6
Evocations     | |  0.1

Action                   |  1- 3 |  4- 6 |  7- 9 || total
-------------------------+-------+-------+-------++-------
Melee: Unarmed           |     4 |       |       ||     4
       Constrict         |     5 |     6 |    14 ||    25
       Tentacles         |     3 |     3 |    11 ||    17
       Dagger            |    20 |     2 |       ||    22
       Flail             |       |    32 |    51 ||    83
       Punch             |       |     1 |     1 ||     2
 Cast: Foxfire           |    40 |    25 |    21 ||    86
       Scorch            |       |    18 |     2 ||    20
       Conjure Flame     |       |     1 |     3 ||     4
       Inner Flame       |       |     1 |     2 ||     3
Evoke: Wand              |       |     1 |     3 ||     4
  Use: Scroll            |     2 |       |     1 ||     3
       Potion            |       |     3 |     3 ||     6
 Stab: Sleeping          |     7 |    13 |     3 ||    23
Armor: Skin              |     4 |       |    10 ||    14
Dodge: Dodged            |    23 |    19 |    28 ||    70
Block: Buckler           |       |       |     4 ||     4

Table legend: (Time is in decaauts)
 A = Elapsed time spent in this place.
 B = Non-inter-level travel time spent in this place.
 C = Inter-level travel time spent in this place.
 D = Time resting spent in this place.
 E = Time spent auto-exploring this place.
 F = Levels seen in this place.
 G = Mean time per level.
                   A        B        C        D        E       F      G
               +--------+--------+--------+--------+--------+-----+--------+
         Total |   5646 |   5408 |    238 |     35 |   4316 |   7 |  806.6 |
       Dungeon |   5396 |   5175 |    221 |     35 |   4113 |   6 |  899.3 |
        Temple |    249 |    232 |     17 |      0 |    203 |   1 |  249.0 |
               +--------+--------+--------+--------+--------+-----+--------+

Top non-repeatable levels by time:
     D:1: 1492 daAuts
     D:3: 1159 daAuts
     D:2: 956 daAuts
     D:4: 912 daAuts
     D:5: 857 daAuts
  Temple: 249 daAuts
     D:6: 19 daAuts
